 Dungeon Crawl Stone Soup version 0.27-a0-1595-g0b823d0a13 (webtiles) character file.

Game seed: 9081057938055615693

209 Shayle the Poker (level 5, -1/44 HPs)
             Began as a Demigod Warper on July 20, 2021.
             Slain by an orc priest (5 damage)
             ... on level 3 of the Dungeon.
             The game lasted 00:10:56 (4388 turns).

Shayle the Poker (Demigod Warper)                   Turns: 4388, Time: 00:10:57

Health: -1/44      AC:  5    Str: 12    XL:     5   Next: 30%
Magic:  10/10      EV: 12    Int: 25    God:
Gold:   295        SH:  0    Dex: 13    Spells: 5/7 levels left

rFire    . . .     SeeInvis .   o - +1 short sword (holy)
rCold    . . .     Faith    .   (no shield)
rNeg     . . .     Spirit   .   b - +0 leather armour
rPois    .         Reflect  .   (no helmet)
rElec    .         Harm     .   n - scarf {+Inv}
rCorr    .         Rampage  .   h - +1 pair of gloves
Will     .....                  (no boots)
Stlth    +.........             (no amulet)
HPRegen  0.14/turn              j - +6 ring of intelligence
MPRegen  0.12/turn              (no ring)

@: no status effects
A: high mp 1, forlorn
a: Evoke Invisibility


You were on level 3 of the Dungeon.
You visited 1 branch of the dungeon, and saw 4 of its levels.
You also visited: Ossuary.

You collected 295 gold pieces.

Inventory:

Hand Weapons
 a - a +0 spear
 g - a +0 trident
 o - a +1 short sword of holy wrath (weapon)
Missiles
 i - 24 sling bullets
Armour
 b - a +0 leather armour (worn)
 h - a +1 pair of gloves (worn)
 n - a scarf of invisibility (worn)
Jewellery
 j - a +6 ring of intelligence (left hand)
Scrolls
 c - 4 scrolls of identify
 e - 5 scrolls of teleportation
 l - 3 scrolls of fear
Potions
 d - 3 potions of curing
 f - a potion of attraction {unknown}
 k - a potion of flight
 m - a potion of cancellation


   Skills:
 + Level 2.9 Fighting
 * Level 3.7 Polearms
 - Level 0.8 Throwing
 - Level 0.8 Armour
 + Level 2.8 Dodging
 - Level 1.7 Spellcasting
 + Level 3.2 Translocations


You had 5 spell levels left.
You knew the following spells:

 Your Spells              Type           Power      Damage    Failure   Level
a - Blink                 Tloc           N/A        N/A       6%          2

Your spell library contained the following spells:

 Spells                   Type           Power      Damage    Failure   Level
 Gell's Gravitas          Tloc           9%         N/A       12%         3
 Lesser Beckoning         Tloc           9%         N/A       12%         3
 Teleport Other           Tloc           18%        N/A       12%         3
 Shock                    Conj/Air       8%         1d3       14%         1
 Swiftness                Air            2%         N/A       41%         3
 Manifold Assault         Tloc           18%        N/A       73%         5
 Airstrike                Air            1%         N/A       82%         4


Dungeon Overview and Level Annotations

Branches:
Dungeon (4/15)            Ossuary (visited)
 Temple: D:4-7

Shops:
D:1 :


Innate Abilities, Weirdness & Mutations

Your attributes grow dramatically as you level up.
You have an increased reservoir of magic. (+10% MP)
You shall have no god before yourself.


Message History

The orc priest is heavily wounded.
The giant cockroach bites you but does no damage.
The orc priest barely misses you.
The giant cockroach bites you but does no damage.
You hit the orc priest.
The orc priest is severely wounded.
The orc priest hits you with a +0 mace.
The giant cockroach bites you but does no damage.
You closely miss the orc priest.
The orc priest is heavily wounded.
The giant cockroach barely misses you. The orc priest completely misses you.
You closely miss the orc priest.
The orc priest is heavily wounded.
The giant cockroach closely misses you.
The orc priest hits you but does no damage.
The giant cockroach bites you but does no damage.
You barely miss the orc priest.
The orc priest is heavily wounded.
The orc priest miscasts a cantrip.
The giant cockroach closely misses you.
You barely miss the orc priest.
The orc priest is heavily wounded.
The orc priest hits you with a +0 mace. The giant cockroach bites you.
You hit the orc priest.
The orc priest is severely wounded.
The giant cockroach bites you but does no damage.
The orc priest mumbles some strange prayers to Beogh against you.
Beogh smites you! The giant cockroach misses you.
The orc priest barely misses you.
You barely miss the orc priest.
The orc priest is severely wounded.
The giant cockroach completely misses you.
The orc priest mumbles some strange prayers to Beogh against you.
Beogh smites you!
* * * LOW HITPOINT WARNING * * *
You barely miss the orc priest.
The orc priest is severely wounded.
The giant cockroach bites you but does no damage.
The orc priest hits you with a +0 mace.
You die...

##...## ###.# #.###.# ##.....##
##...## #.###.# ##.......##
#.###.# #.#.#.# #.>.......####.#
#.########.....#
'.........'....###...............
#.........####....#########.....#
##.......## ##..## #.........#
##.....## #####.######.###.....#
##...## #...B@....##.# ####.##
##+## #.###o###.##.# #....# #.#
#.# #.##.# . .# #.. #.# #.##.# .#
##.## ##. #.###.##.# .# ...## .#
#........# .# .... .# #####.#####
.# ... .. #.#.... .# #.# #.#.###


You could see an orc priest and a giant cockroach.

Vanquished Creatures
  An orc wizard (D:3)
  A hound skeleton (D:4)
  3 mummies (Ossuary)
  A gnoll (D:3)
  3 adders
  2 adder zombies (Ossuary)
  2 dart slugs (D:1)
  5 orcs (D:3)
  2 endoplasms
  7 giant cockroaches
  2 gnoll zombies (Ossuary)
  7 goblins
  2 hobgoblins (D:1)
  9 jackals
  2 quokkas
  A ball python (D:2)
  4 bats
  3 frilled lizards
  5 goblin zombies (Ossuary)
  3 hobgoblin zombies (Ossuary)
  7 kobolds
  A kobold zombie (Ossuary)
  3 quokka zombies (Ossuary)
  10 rats
  2 rat zombies (Ossuary)
88 creatures vanquished.

Notes
Turn   | Place    | Note
-------+----------+-------------------------------------------
     0 | D:1      | Shayle the Demigod Warper began the quest for the Orb.
     0 | D:1      | Reached XP level 1. HP: 17/17 MP: 5/5
   429 | D:1      | Found Gujomom's Book Shoppe.
   523 | D:1      | Reached XP level 2. HP: 24/24 MP: 7/7
   745 | D:1      | Learned a level 2 spell: Blink
  1417 | D:2      | Reached XP level 3. HP: 29/29 MP: 8/8
  2528 | D:4      | Reached XP level 4. HP: 19/37 MP: 9/9
  2827 | D:4      | Found a sand-covered staircase.
  2836 | Ossuary  | Entered an ossuary
  3650 | D:3      | Reached XP level 5. HP: 44/44 MP: 10/10
  4388 | D:3      | Slain by an orc priest

Illustrated notes

Levels and vault maps discovered:
D:1:      matt_arrival_refuge, layout_basic, serial_shops, shop_coins,
          ebering_ecumenical_altar_hall, st_stairs_14, minmay_pentomino_q4
D:2:      layout_rooms, basic_altar, serial_glass, glass_columns_c,
          glass_columns_a
D:3:      layout_loops_corners, mainiacjoe_overflow_cross_hatched,
          cheibriados_altar_1
D:4:      layout_gridville, nicolae_ossuary_entry_monument, amethyst_killhole,
          minmay_misc_feat_ornament

Skill      XL: |  1  2  3  4 |
---------------+-------------+-----
Polearms       | 2 3 |  3.7
Fighting       | 2 |  2.9
Dodging        | 2 |  2.8
Translocations | 3 |  3.2
Throwing       | |  0.8
Armour         | |  0.8
Spellcasting   | |  1.7

Action                   |  1- 3 |  4- 6 || total
-------------------------+-------+-------++-------
Melee: Spear             |    29 |       ||    29
       Trident           |   133 |   135 ||   268
       Short sword       |       |    57 ||    57
Throw: Boomerang         |     4 |     1 ||     5
 Cast: Blink             |     2 |     1 ||     3
  Use: Scroll            |     3 |     5 ||     8
       Potion            |     1 |       ||     1
 Stab: Sleeping          |     3 |       ||     3
Armor: Leather armour    |    62 |    81 ||   143
Dodge: Dodged            |   121 |   127 ||   248

Table legend: (Time is in decaauts)
 A = Elapsed time spent in this place.
 B = Non-inter-level travel time spent in this place.
 C = Inter-level travel time spent in this place.
 D = Time resting spent in this place.
 E = Time spent auto-exploring this place.
 F = Levels seen in this place.
 G = Mean time per level.
                   A        B        C        D        E       F      G
               +--------+--------+--------+--------+--------+-----+--------+
         Total |   4439 |   4287 |    152 |   1430 |   1533 |   5 |  887.8 |
       Dungeon |   3817 |   3665 |    152 |   1102 |   1533 |   4 |  954.2 |
       Ossuary |    621 |    621 |      0 |    328 |      0 |   1 |  621.0 |
               +--------+--------+--------+--------+--------+-----+--------+

Top non-repeatable levels by time:
     D:1: 1495 daAuts
     D:3: 925 daAuts
     D:2: 915 daAuts
 Ossuary: 621 daAuts
     D:4: 481 daAuts
